 Dungeon Crawl Stone Soup version 0.24.1-4-ge52af88ad5 (webtiles) character file.

Game seed: 17219666251285723058, levelgen mode: deterministic

80 lepoulpe303 the Skirmisher (level 4, 0/35 HPs)
             Began as a Formicid Abyssal Knight on Apr 16, 2020.
             Was a Follower of Lugonu.
             Slain by a gnoll
             ... wielding a +0 halberd
              (9 damage)
             ... on level 3 of the Dungeon.
             The game lasted 00:07:14 (2113 turns).

lepoulpe303 the Skirmisher (FoAK)                   Turns: 2113, Time: 00:07:15

Health: 0/35       AC: 11    Str: 17    XL:     4   Next: 65%
Magic:  6/6        EV:  7    Int: 12    God:    Lugonu [*.....]
Gold:   69         SH:  3    Dex: 10    Spells: 3/3 levels left

rFire    . . .     SeeInvis +   a - +1 hand axe
rCold    . . .     Gourm    .   f - +0 buckler
rNeg     . . .     Faith    .   q - +0 chain mail
rPois    .         Spirit   .   (helmet unavailable)
rElec    .         Reflect  .   (no cloak)
rCorr    .         Harm     .   h - +0 pair of gloves
MR       .....                  g - +0 pair of boots
Stlth    ..........             (no amulet)
HPRegen  0.11/turn              (no ring)
MPRegen  0.10/turn              (no ring)

@: no status effects
A: permanent stasis, dig shafts and tunnels, four strong arms, antennae 3
a: Dig, Shaft Self, Depart the Abyss, Renounce Religion


You were on level 3 of the Dungeon.
You worshipped Lugonu.
Lugonu was aware of your devotion.
You were not hungry.

You visited 1 branch of the dungeon, and saw 3 of its levels.
You visited the Abyss 1 time.

You collected 69 gold pieces.

Inventory:

Hand Weapons
 a - a +1 hand axe (weapon)
Missiles
 o - 6 boomerangs (quivered)
Armour
 d - a +0 scale mail
 f - a +0 buckler (worn)
 g - a +0 pair of boots (worn)
 h - a +0 pair of gloves (worn)
 q - a +0 chain mail (worn)
Jewellery
 j - a +4 ring of evasion {unknown}
Scrolls
 c - 2 scrolls of enchant weapon {unknown}
 l - a scroll of teleportation {unknown}
 m - a scroll of amnesia {unknown}
 n - a scroll of fear {unknown}
 p - a scroll of identify {unknown}
 r - 5 scrolls of remove curse {unknown}
Potions
 i - 2 potions of might {unknown}
 k - 3 potions of curing {unknown}
 s - a potion of heal wounds {unknown}
 t - a potion of cancellation {unknown}
Comestibles
 b - a chunk of flesh
 e - 10 rations


   Skills:
 + Level 3.5 Fighting
 * Level 3.0 Axes
 + Level 2.5 Armour
 + Level 1.3 Dodging
 + Level 1.3 Shields
 * Level 3.2 Invocations


You had 3 spell levels left.
You didn't know any spells.
Your spell library was empty.

Dungeon Overview and Level Annotations

Branches:
Dungeon (3/15)

Altars:
Okawaru


Innate Abilities, Weirdness & Mutations

You cannot be hasted, slowed, berserked, paralysed or teleported.
You can dig through walls and to a lower floor.
Your four strong arms can wield two-handed weapons with a shield.
You have a pair of large antennae on your head. (SInv)


Message History

Throwing (i - inventory)
o - 6 boomerangs (quivered)
Aim: a gnoll, wielding a +0 halberd You throw a boomerang.
The boomerang hits the gnoll but does no damage.
The gnoll hits you from afar with a +0 halberd.
You take 3 damage, and have 23/35 hp.
The gnoll hits you with a +0 halberd!
* * * LOW HITPOINT WARNING * * *
You take 10 damage, and have 14/35 hp.
MASSIVE DAMAGE!!
You closely miss the gnoll. The gnoll hits you but does no damage.
The gnoll closely misses you.
You hit the gnoll.
The gnoll hits you from afar with a +0 halberd.
* * * LOW HITPOINT WARNING * * *
The gnoll closely misses you.
You take 5 damage, and have 9/35 hp.
You closely miss the gnoll.
The gnoll hits you from afar with a +0 halberd!
You die...

##).. ##...## ..... ###
####.... #.. ..#.#.# #.#
###.#.#.###### #.#
#..<....<....# #.#
###.#......#####
###.########....@...###
...........)...g##.## .
###.########.##g####....
#.# #.##..g.g...≈ ##.#
#.##........≈ #[.#
#.###.......≈ #.## #.#
#####...≈ #.# #.# ..≈
#.#### #.# #≈


You could see 2 gnolls.

Levels and vault maps discovered:
D:1:      ldierk_water_garden, layout_basic, okawaru_ov_weapons_minmay
D:2:      layout_loops_ring, minmay_misc_feat_pillars
D:3:      layout_loops_ring, nicolae_underground_beach

Notes
Turn   | Place    | Note
-------+----------+-------------------------------------------
     0 | Abyss:1  | lepoulpe303 the Formicid Abyssal Knight began the quest for
                  | the Orb.
     0 | Abyss:1  | Reached XP level 1. HP: 18/18 MP: 2/2
    44 | Abyss:1  | Identified a +0 scale mail (You found it on level 1 of the
                  | Abyss)
    56 | Abyss:1  | Identified a +0 buckler (You found it on level 1 of the
                  | Abyss)
    67 | Abyss:1  | Identified a +0 pair of boots (You found it on level 1 of
                  | the Abyss)
    73 | Abyss:1  | Noticed a large abomination
    83 | Abyss:1  | Noticed a thrashing horror
    87 | D:1      | Escaped the Abyss
   164 | D:1      | Found an iron altar of Okawaru.
   178 | D:1      | Reached * piety under Lugonu
   178 | D:1      | Reached skill level 1 in Dodging
   178 | D:1      | Reached XP level 2. HP: 17/24 MP: 3/3
   257 | D:1      | Identified a +0 club
   304 | D:1      | Identified a +0 club
   518 | D:1      | Reached XP level 3. HP: 20/29 MP: 4/4
   523 | D:1      | Reached skill level 1 in Shields
   721 | D:1      | Identified a +0 chain mail (You found it on level 1 of the
                  | Dungeon)
   773 | D:2      | Identified a +0 club
   842 | D:2      | Identified a cursed -3 dagger
   890 | D:2      | Identified a +0 club
  1023 | D:2      | Identified a cursed -3 short sword
  1084 | D:2      | Reached XP level 4. HP: 28/35 MP: 6/6
  1102 | D:2      | Reached skill level 3 in Invocations
  1209 | D:2      | Identified a +0 short sword
  1432 | D:2      | Identified a +0 pair of gloves (You found it on level 2 of
                  | the Dungeon)
  1471 | D:3      | Identified a +0 halberd
  1474 | D:3      | Identified a +0 halberd
  1482 | D:3      | HP: 3/35 [gnoll/+0 halberd (6)]
  1839 | D:3      | Identified a +0 club
  1839 | D:3      | Identified a +1 dagger of holy wrath
  1839 | D:3      | Identified a +0 hunting sling
  1850 | D:3      | Reached skill level 3 in Axes
  2102 | D:3      | Identified a +0 halberd
  2113 | D:3      | Slain by a gnoll

Table legend:
 A = Turns spent in this place as a percentage of turns spent in the entire game.
 B = Non-inter-level travel turns spent in this place as a percentage of non-inter-level travel turns spent in the entire game.
 C = Inter-level travel turns spent in this place as a percentage of turns spent in this place.
 D = Turns resting spent in this place as a percentage of non-inter-level travel turns spent in this place.
 E = Turns spent auto-exploring this place as a percentage of non-inter-level travel turns spent in this place.
 F = Non-inter-level travel turns spent in this place divided by the number of levels of this place that you've seen.
                   A       B       C       D       E      F
               +-------+-------+-------+-------+-------+----------------------
         Total | 100.0 | 100.0 |   6.4 |  21.7 |  53.6 | 494.5
       Dungeon |  95.9 |  95.6 |   6.7 |  22.7 |  56.1 | 630.3
         Abyss |   4.1 |   4.4 |   0.0 |   0.0 |   0.0 |  87.0
               +-------+-------+-------+-------+-------+----------------------

Table legend:
 A = Kills in this place as a percentage of kills in entire the game.
 B = Kills by you in this place as a percentage of kills by you in the entire game.
 C = Kills by friends in this place as a percentage of kills by friends in the entire game.
 D = Other kills in this place as a percentage of other kills in the entire game.
 E = Experience gained in this place as a percentage of experience gained in the entire game.
 F = Experience gained in this place divided by the number of levels of this place that you have seen.
                   A       B       C       D       E      F
               +-------+-------+-------+-------+-------+----------------------
         Total | 100.0 | 100.0 |   N/A |   N/A | 100.0 |  28.8
       Dungeon | 100.0 | 100.0 |   N/A |   N/A | 100.0 |  38.3
               +-------+-------+-------+-------+-------+----------------------

Skill      XL: |  1  2  3  4 |
---------------+-------------+-----
Dodging        | 1 |  1.3
Shields        | 1 |  1.3
Invocations    | 3 |  3.2
Axes           | 3 |  3.0
Fighting       | |  3.5
Armour         | |  2.5

Action                   |  1- 3 |  4- 6 || total
-------------------------+-------+-------++-------
Melee: Hand axe          |   109 |    51 ||   160
Throw: Boomerang         |    17 |    12 ||    29
Invok: Depart the Abyss  |     1 |       ||     1
  Eat: Chunk             |     1 |     3 ||     4
Armor: Scale mail        |    31 |       ||    31
       Chain mail        |    45 |    27 ||    72
Dodge: Dodged            |    66 |    23 ||    89
Block: Buckler           |    23 |     7 ||    30

Vanquished Creatures
  2 adders (D:2)
  A gnoll (D:3)
  A worm (D:3)
  2 dart slugs
  A leopard gecko (D:1)
  2 ball pythons
  7 bats
  5 goblins
  4 hobgoblins
  6 jackals
  4 kobolds (D:2)
  3 frilled lizards
  5 rats
43 creatures vanquished.

Vanquished Creatures (others)
  4 toadstools (D:1)
4 creatures vanquished.

Grand Total: 47 creatures vanquished
